Map: Triton LE

Players

Rogue - Winner!

  • Race: Zerg Zerg
  • Spawn Location: 11:00

Dark

  • Race: Zerg Zerg
  • Spawn Location: 5:00

Event: IEM Katowice 2020

VOD

Have the link to the VOD?

Description

Time

  • Played on: Feb. 29, 2020, 12:39 p.m.
  • Length: 8:35

All games in this series

Show
View Real Time Build Order
Export as new Build Order

Rogue Zerg - Winner!

Build Orders: Hatch First 

Get SALT Encoding   

  12  0:00  Drone  
  13  0:12  Overlord  
  13  0:17  Drone  
  14  0:30  Drone x2  
  16  0:48  Hatchery  
  15  0:50  Drone  
  15  0:54  Drone  
  17  0:57  Drone  
  18  1:08  Extractor  
  17  1:12  Spawning Pool  
  17  1:15  Drone  
  17  1:18  Drone  
  18  1:28  Drone  
  19  1:38  Drone  
  20  1:50  Drone  
  21  1:59  Queen x2  
  21  2:01  Zergling x2, Overlord  
  26  2:10  Metabolic Boost  
  26  2:12  Drone x2  
  28  2:22  Drone x2  
  30  2:33  Hatchery  
  30  2:35  Drone  
  30  2:40  Drone  
  30  2:43  Drone x2  
  33  2:47  Baneling Nest  
  32  2:52  Queen  
  32  2:57  Overlord  
  34  3:00  Zergling x2  
  36  3:05  Drone  
  36  3:15  Drone x4  
  36  3:16  Drone  
  36  3:17  Zergling x2  
  36  3:19  Overlord  
  42  3:25  Drone  
  42  3:26  Drone  
  44  3:30  Evolution Chamber  
  43  3:36  Drone  
  43  3:38  Lair, Drone  
  43  3:41  Extractor  
  44  3:42  Drone  
  44  3:43  Drone x2  
  44  3:47  Zergling x2  
  48  3:49  Zergling x2  
  48  3:50  Drone  
  50  3:57  Extractor, Overlord  
  50  3:58  Extractor  
  50  4:00  Drone x2  
  50  4:03  Drone  
  50  4:04  Drone x2  
  50  4:08  Drone  
  54  4:11  Drone  
  54  4:16  Overlord  
  54  4:17  Drone  
  54  4:18  Roach Warren  
  54  4:20  Zergling x4  
  54  4:22  Drone  
  57  4:24  Drone  
  57  4:26  Drone  
  57  4:28  Zerg Missile Weapons Level 1  
  59  4:32  Drone x2  
  61  4:39  Spire  
  61  4:41  Baneling x2  
  61  4:42  Drone  
  61  4:43  Drone  
  61  4:45  Drone  
  63  4:48  Drone x2  
  65  4:53  Zergling x4  
  65  4:54  Overlord  
  65  4:59  Drone x4  
  71  5:02  Overlord  
  71  5:05  Drone  
  72  5:09  Extractor  
  72  5:10  Extractor, Overlord  
  69  5:14  Drone x3  
  69  5:15  Drone  
  69  5:16  Baneling x2  
  69  5:19  Drone  
  69  5:20  Drone  
  75  5:24  Overlord  
  75  5:36  Drone x4  
  78  5:43  Overlord  
  78  5:51  Mutalisk x6  
  78  5:52  Mutalisk  
  90  6:00  Glial Reconstitution  
  90  6:06  Overlord  
  90  6:12  Hatchery  
  89  6:28  Roach x9  
  107  6:33  Roach x7  
  107  6:35  Overlord x2  
  121  6:43  Overlord x3  
  120  6:56  Roach  
  120  6:57  Roach x2  
  120  6:59  Roach x2  
  130  7:06  Roach  
  130  7:07  Roach x8  
  150  7:08  Roach  
  150  7:15  Roach x2  
  154  7:21  Roach  
  155  7:23  Ravager x2  
  155  7:24  Roach, Queen  
  155  7:25  Roach  
  155  7:28  Roach  
  165  7:33  Overlord  
  165  7:34  Roach, Overlord x2  
  167  7:40  Ravager  
  166  7:55  Roach x12  
  166  7:57  Roach  
  180  8:00  Roach x2  
  180  8:01  Roach  
  180  8:02  Roach x2  
  180  8:03  Roach x2  
  178  8:08  Roach x2  
  178  8:09  Roach x2  
Show
View Real Time Build Order
Export as new Build Order

Dark Zerg 

Build Orders: Hatch First 

Get SALT Encoding   

  12  0:00  Drone  
  13  0:13  Overlord  
  13  0:16  Drone  
  14  0:31  Drone  
  14  0:32  Drone  
  16  0:48  Hatchery  
  15  0:52  Drone  
  15  0:55  Drone  
  17  1:00  Drone  
  18  1:08  Extractor  
  17  1:14  Spawning Pool  
  17  1:17  Drone  
  17  1:20  Drone  
  18  1:28  Drone  
  19  1:39  Drone  
  20  1:50  Drone  
  21  2:01  Queen x2  
  21  2:03  Drone  
  21  2:04  Overlord  
  26  2:11  Drone  
  26  2:12  Zergling x2  
  26  2:14  Metabolic Boost  
  28  2:23  Drone x2  
  30  2:32  Zergling x2  
  31  2:37  Hatchery, Drone  
  31  2:44  Queen  
  33  2:56  Overlord, Baneling Nest  
  32  2:58  Drone  
  32  2:59  Drone  
  32  3:02  Drone  
  35  3:05  Drone  
  35  3:15  Drone x2  
  35  3:16  Zergling x2  
  35  3:17  Zergling x2  
  35  3:19  Overlord  
  39  3:21  Drone  
  39  3:24  Drone  
  41  3:31  Drone x2  
  43  3:39  Baneling  
  43  3:40  Overlord  
  43  3:41  Drone  
  44  3:49  Drone x2  
  44  3:50  Extractor  
  44  3:54  Drone x2  
  44  3:55  Drone x2  
  49  3:56  Overlord  
  49  3:57  Overlord  
  49  4:03  Zergling x4  
  49  4:06  Zergling x2  
  49  4:07  Zergling x2  
  53  4:11  Drone  
  53  4:12  Evolution Chamber  
  53  4:13  Queen  
  57  4:17  Drone x3  
  57  4:19  Drone x2  
  57  4:21  Drone x2  
  57  4:24  Baneling  
  62  4:26  Lair  
  62  4:28  Drone  
  62  4:29  Drone  
  62  4:30  Drone  
  64  4:36  Roach Warren  
  63  4:41  Drone x3  
  63  4:42  Overlord  
  66  4:46  Zerg Missile Weapons Level 1  
  66  4:49  Overlord  
  66  4:50  Drone  
  66  4:51  Drone  
  66  4:52  Drone  
  69  4:56  Drone x3  
  69  4:57  Drone  
  73  5:06  Baneling x2  
  72  5:10  Drone x7  
  79  5:18  Extractor  
  79  5:19  Extractor x2  
  75  5:27  Drone x3  
  78  5:29  Roach x3  
  78  5:30  Roach x2  
  78  5:31  Drone  
  78  5:32  Queen x3  
  95  5:35  Drone  
  95  5:41  Baneling x2  
  95  5:46  Roach  
  97  5:50  Extractor  
  97  5:55  Roach x2  
  97  6:03  Overlord x2  
  97  6:04  Infestation Pit, Baneling x3, Overlord  
  97  6:06  Overseer  
  97  6:09  Overlord  
  96  6:14  Overlord  
  96  6:19  Queen, Overlord  
  96  6:20  Spore Crawler  
  96  6:21  Spore Crawler, Queen  
  96  6:23  Roach x3  
  96  6:24  Roach x2  
  110  6:27  Roach x3  
  115  6:39  Spore Crawler, Overlord  
  114  6:40  Drone x2  
  114  6:41  Tunneling Claws  
  114  6:43  Spore Crawler, Burrow, Overlord  
  114  6:44  Spore Crawler  
  112  6:51  Overlord  
  112  6:54  Roach x2  
  115  6:58  Overlord, Pathogen Glands  
  115  7:00  Hydralisk Den  
  114  7:03  Drone x3  
  114  7:05  Roach x2  
  114  7:08  Drone  
  122  7:09  Spore Crawler  
  122  7:13  Drone  
  122  7:14  Spore Crawler  
  121  7:27  Infestor x3  
  121  7:29  Queen x2  
  127  7:33  Drone x2  
  133  7:43  Infestor  
  135  7:46  Roach x3  
  135  7:47  Roach x2  
  145  7:56  Queen  
  132  7:59  Roach x5  
  132  8:03  Roach x3  
  132  8:04  Roach x2  
  128  8:09  Roach x3  
  106  8:13  Roach  
  106  8:15  Roach x2  

Tags
 
Add a new tag
Caveats
  • Supply blocks, unpowered buildings, or Contaminate may cause inaccurate times.
  • Supply counts are checked every 10 seconds.